 Dungeon Crawl Stone Soup version 0.22-a0-48-g8770677 (webtiles) character file.

4211 gmonis the Basher (level 10, -5/126 HPs)
             Began as a Minotaur Berserker on Jan 7, 2018.
             Was an Elder of Trog.
             Slain by an orc warrior
             ... wielding a +0 trident
              (6 damage)
             ... on level 11 of the Dungeon.
             The game lasted 00:14:33 (8310 turns).

gmonis the Basher (Minotaur Berserker)              Turns: 8310, Time: 00:14:34

Health: -5/126     AC:  8    Str: 30    XL:     10   Next: 8%
Magic:  9/9        EV: 12    Int:  4    God:    Trog [****..]
Gold:   337        SH:  0    Dex: 10    Spells: 9/9 levels left

rFire    + . .     SeeInvis .   C - +1 mace (venom)
rCold    . . .     Gourm    .   (no shield)
rNeg     . . .     Faith    .   d - +0 ring mail
rPois    .         Spirit   .   (helmet restricted)
rElec    .         Reflect  .   (no cloak)
rCorr    .         Harm     .   F - +0 pair of gloves (curse)
MR       .....                  (no boots)
Stlth    ..........             N - amulet of regeneration
HPRegen  0.71/turn              J - ring of wizardry
MPRegen  0.11/turn              L - ring of protection from fire

@: berserking (expiring), starving, slowed
A: retaliatory headbutt, horns 2
a: Berserk, Trog's Hand, Brothers in Arms, Burn Spellbooks, Renounce Religion


You were on level 11 of the Dungeon.
You worshipped Trog.
Trog was greatly pleased with you.
You were starving.

You visited 1 branch of the dungeon, and saw 10 of its levels.
You also visited: Sewer.

You collected 337 gold pieces.

Inventory:

Hand Weapons
 a - a +0 mace
 r - a +1 mace of protection
 C - a +1 mace of venom (weapon)
Missiles
 v - 204 stones (quivered)
Armour
 b - a +0 animal skin
 d - a +0 ring mail (worn)
 F - a cursed +0 pair of gloves (worn)
Jewellery
 n - an uncursed amulet of harm
 J - a ring of wizardry (left hand)
 L - a ring of protection from fire (right hand)
 N - an amulet of regeneration (around neck)
Wands
 q - a wand of enslavement (14)
 z - a wand of iceblast (17)
 G - a wand of disintegration (18)
 I - a wand of polymorph (11)
 M - a wand of scattershot (6)
Scrolls
 e - 2 scrolls of immolation {unknown}
 f - 8 scrolls of identify {unknown}
 g - 9 scrolls of remove curse {unknown}
 k - 2 scrolls of fear {unknown}
 l - 3 scrolls of teleportation {unknown}
 s - 7 scrolls of blinking {unknown}
 u - a scroll of amnesia {unknown}
 B - a scroll of enchant armour {unknown}
 H - a scroll of enchant weapon {unknown}
Potions
 h - 3 potions of invisibility {unknown}
 i - 2 potions of might {unknown}
 j - 3 potions of flight {unknown}
 m - 3 potions of degeneration {unknown}
 o - a potion of mutation {unknown}
 p - a potion of haste {unknown}
 t - a potion of berserk rage {unknown}
 w - 2 potions of curing {unknown}
 x - a potion of cancellation {unknown}
 D - a potion of magic {unknown}
 E - a potion of resistance {unknown}
Books
 y - a book of Callings

   Spells                             Type                      Level
   a - Summon Small Mammal            Summoning                    1
   b - Call Imp                       Summoning                    2
   c - Call Canine Familiar           Summoning                    3
   d - Summon Guardian Golem          Hexes/Summoning              3
   e - Summon Lightning Spire         Summoning/Air                4
   f - Summon Ice Beast               Ice/Summoning                4
   Trog disapproves of the use of such an item.
 A - a book of Maledictions

   Spells                             Type                      Level
   a - Corona                         Hexes                        1
   b - Ensorcelled Hibernation        Hexes/Ice                    2
   c - Confuse                        Hexes                        3
   d - Tukima's Dance                 Hexes                        3
   e - Dazzling Spray                 Conjuration/Hexes            3
   Trog disapproves of the use of such an item.
 K - a book of Cantrips

   Spells                             Type                      Level
   a - Confusing Touch                Hexes                        1
   b - Animate Skeleton               Necromancy                   1
   c - Summon Small Mammal            Summoning                    1
   d - Apportation                    Translocation                1
   Trog disapproves of the use of such an item.
Comestibles
 c - 10 rations


   Skills:
 + Level 6.3 Fighting
 - Level 14.3 Maces & Flails
 + Level 7.6 Armour
 + Level 3.7 Dodging


You had 9 spell levels left.
You didn't know any spells.

Dungeon Overview and Level Annotations

Branches:
Dungeon (9/15)             Temple (0/1) D:5
   Lair: D:8-11         Orc: D:9-12

Altars:
Cheibriados
Fedhas
Hepliaklqana
Nemelex Xobeh
Qazlal
Ru
Sif Muna
Uskayaw
Wu Jian
The Shining One

Shops:
D:4 }[   D:7 ?

Annotations:
D:7 Pikel


Innate Abilities, Weirdness & Mutations

You reflexively headbutt those who attack you in melee.
You have a pair of horns on your head.


Message History

The orc warrior barely misses you. The sun demon barely misses you.
You hit the sun demon.
The sun demon is severely wounded.
The kobold demonologist looks encouraged for a moment.
The orc warrior hits you from afar with a trident.
* * * LOW HITPOINT WARNING * * *
You closely miss the sun demon.
The sun demon is severely wounded.
The sun demon hits you but does no damage.
The sky beast barely misses you.
You barely miss the sun demon. Your headbutt misses the sun demon.
The sun demon is severely wounded.
The sun demon misses you. You furiously retaliate!
You headbutt the sun demon!
The orc warrior hits you from afar with a trident!
* * * LOW HITPOINT WARNING * * *
The sky beast hits you but does no damage.
You sock the sun demon!
You kill the sun demon!
The orc warrior hits you from afar with a trident.
You die...

#.......#
.##.......#
..........#
#.......#
#....3{.#
#......O###
#..#..K.o.#
#.#######K#
#. #@# #
#Y# #.# #.#
#.# #.# #.#
#.# ...


You could see a kobold demonologist, an orc warrior, a sky beast and an ogre.

Vanquished Creatures
  Erica (D:8)
  A manticore (D:7)
  Grinder (D:3)
  2 hippogriffs
  Sigmund (D:2)
  A wraith (D:11)
  Eustachio (D:6)
  An orc warrior (D:8)
  2 sky beasts
  4 slaves (D:7)
  6 ogres
  A crocodile (Sewer)
  4 bullfrogs
  A water moccasin zombie (D:7)
  4 killer bees (D:8)
  A howler monkey (D:2)
  A crimson imp (D:8)
  A bullfrog zombie (D:7)
  A centaur zombie (D:8)
  6 hounds
  A bullfrog skeleton (D:7)
  2 orc priests
  Crazy Yiuf (D:3)
  Ijyb (D:3)
  An iguana (D:8)
  Terence (D:2)
  2 orc wizards
  5 worker ants
  A worker ant zombie (D:6)
  5 gnolls
  11 adders
  An ooze (D:1)
  4 worms
  An adder skeleton (D:5)
  3 dart slugs
  3 leopard geckos
  16 orcs
  4 giant cockroaches
  10 goblins
  12 hobgoblins
  15 jackals
  2 ball pythons (D:3)
  5 bats
  7 frilled lizards
  8 kobolds
  A quokka zombie (D:6)
  12 rats
176 creatures vanquished.

Notes
Turn   | Place    | Note
-------+----------+-------------------------------------------
     0 | D:1      | gmonis the Minotaur Berserker began the quest for the Orb.
     0 | D:1      | Reached XP level 1. HP: 19/19 MP: 0/0
   259 | D:1      | Reached XP level 2. HP: 27/27 MP: 1/1
   261 | D:1      | Reached skill level 4 in Maces & Flails
   487 | D:1      | Reached XP level 3. HP: 33/33 MP: 2/2
   524 | D:1      | Reached skill level 5 in Maces & Flails
   989 | D:1      | Reached ** piety under Trog
  1248 | D:2      | Reached XP level 4. HP: 20/40 MP: 3/3
  1436 | D:2      | Reached skill level 6 in Maces & Flails
  1604 | D:2      | Found an ornate altar of the Wu Jian Council.
  1686 | D:2      | Noticed Terence
  1687 | D:2      | Noticed Sigmund
  1691 | D:2      | Killed Sigmund
  1691 | D:2      | Reached skill level 8 in Maces & Flails
  1691 | D:2      | Reached XP level 5. HP: 46/46 MP: 4/4
  1691 | D:2      | Reached XP level 6. HP: 52/52 MP: 5/5
  1695 | D:2      | Killed Terence
  1698 | D:2      | Reached *** piety under Trog
  2082 | D:3      | Noticed Ijyb
  2090 | D:3      | Killed Ijyb
  2360 | D:3      | Found a runed door.
  2385 | D:3      | Found a glowing golden altar of the Shining One.
  2434 | D:3      | Found a hide-covered altar of Uskayaw.
  2464 | D:3      | Noticed Crazy Yiuf
  2467 | D:3      | Killed Crazy Yiuf
  2467 | D:3      | Reached skill level 9 in Maces & Flails
  2632 | D:3      | Noticed Grinder
  2635 | D:3      | Paralysed by Grinder for 7 turns
  2646 | D:3      | Paralysed by Grinder for 3 turns
  2894 | D:3      | Paralysed by Grinder for 5 turns
  2906 | D:3      | Killed Grinder
  2906 | D:3      | Reached skill level 10 in Maces & Flails
  2906 | D:3      | Reached XP level 7. HP: 37/59 MP: 6/6
  3041 | D:3      | Found a sparkling altar of Nemelex Xobeh.
  3045 | D:3      | Found a stormy altar of Qazlal.
  3380 | D:4      | Found Kibrul's Armour Shoppe.
  3730 | D:4      | Found Bexas's Gadget Boutique.
  3830 | D:4      | Reached skill level 11 in Maces & Flails
  4220 | D:5      | Entered Level 5 of the Dungeon
  4237 | D:5      | Reached XP level 8. HP: 66/66 MP: 7/7
  4387 | D:5      | Found a glowing drain.
  4398 | Sewer    | Entered a sewer
  4720 | D:5      | Reached skill level 12 in Maces & Flails
  4838 | D:5      | Found a hazy altar of Hepliaklqana.
  4936 | D:5      | Found a staircase to the Ecumenical Temple.
  5597 | D:6      | Reached **** piety under Trog
  5734 | D:6      | Noticed Eustachio
  5735 | D:6      | Noticed a hippogriff
  5744 | D:6      | Killed a hippogriff
  5744 | D:6      | Reached skill level 13 in Maces & Flails
  5749 | D:6      | Killed Eustachio
  5845 | D:6      | Found a blossoming altar of Fedhas.
  6125 | D:7      | Reached XP level 9. HP: 57/71 MP: 8/8
  6158 | D:7      | Noticed a manticore
  6171 | D:7      | Killed a manticore
  6171 | D:7      | Reached skill level 14 in Maces & Flails
  6452 | D:7      | Found a deep blue altar of Sif Muna.
  6571 | D:7      | Found a stormy altar of Qazlal.
  6571 | D:7      | Noticed Pikel
  6685 | D:7      | Found Epir's Magic Scroll Emporium.
  6743 | D:7      | Found a snail-covered altar of Cheibriados.
  6743 | D:7      | Found a sacrificial altar of Ru.
  7064 | D:8      | Noticed Erica
  7076 | D:8      | Killed Erica
  7076 | D:8      | Reached skill level 5 in Fighting
  7793 | D:8      | Reached XP level 10. HP: 83/83 MP: 9/9
  8284 | D:9      | You fall through a shaft for 2 floors!
  8288 | D:11     | Noticed a wizard
  8292 | D:11     | Noticed a sun demon
  8309 | D:11     | HP: 1/126 [orc warrior/trident (17)]
  8310 | D:11     | Slain by an orc warrior

Vault maps used:
D:1:      elethiomel_arrival_maze, minmay_misc_feat_columns,
          minmay_statues_item, serial_bayou_lake_a
D:2:      marbit_many_paths, minivault_24, nrook_mini_backslash, uniq_sigmund,
          uniq_terence
D:3:      lemuel_round_altar, nemelex_xobeh_ov_fountains_minmay,
          nicolae_tso_swordbearing_angel, grunt_qazlal_clouds,
          kennysheep_generic_room_9, uniq_grinder, uniq_ijyb,
          uniq_crazy_yiuf_cottage
D:4:      serial_shops, shop, shop, first_ration, grunt_decor_resistance
D:5:      lemuel_doored_altar, minmay_temple_entry_hall,
          cheibrodos_sewer_entry_bend
D:6:      lemuel_altar_in_water2, uniq_eustachio
D:7:      kennysheep_little_box, gammafunk_temple_overflow_wave, basic_altar,
          serial_shops, nicolae_shop_waterfront, uniq_pikel
D:8:      uniq_erica
D:9:      lair_entry_dummy, serial_shops, shop, grunt_livestock, uniq_maurice
D:11:     bh_hangedman_babel_library
Sewer:    sewer_the_crocodile

Skill      XL: |  1  2  3  4  5  6  7  8  9 |
---------------+----------------------------+-----
Fighting       | 4 6 |  6.3
Maces & Flails | 4 5 8 10 11 13 14 | 14.3
Armour         | 7 |  7.6
Dodging        | 3 |  3.7

Action                   |  1- 3 |  4- 6 |  7- 9 | 10-12 || total
-------------------------+-------+-------+-------+-------++-------
Melee: Mace              |    89 |    80 |   278 |    31 ||   478
       Headbutt          |     7 |    11 |    34 |     1 ||    53
Invok: Berserk           |       |     3 |     4 |     1 ||     8
  Eat: Chunk             |     1 |     6 |    20 |     1 ||    28
Armor: Ring mail         |    35 |    25 |    88 |     7 ||   155
Dodge: Dodged            |    58 |    47 |   136 |    25 ||   266

Table legend:
 A = Spawn XP
 B = Non-spawn XP
 C = Spawn XP percentage of total XP
 D = Spawn monster count
 E = Non-spawn monster count
 F = Spawn count percentage of total count
 G = Total turns spent on level
                    A         B        C        D         E        F      G
               +---------+---------+-------+---------+---------+-------+---------
         Total |       0 |    6016 |   0.0 |       0 |     172 |   0.0 |  8310
               +---------+---------+-------+---------+---------+-------+---------
           D:1 |       0 |      73 |   0.0 |       0 |      33 |   0.0 |  1145
           D:2 |       0 |     464 |   0.0 |       0 |      32 |   0.0 |  1163
           D:3 |       0 |     432 |   0.0 |       0 |      19 |   0.0 |   897
           D:4 |       0 |     443 |   0.0 |       0 |      21 |   0.0 |  1015
           D:5 |       0 |     293 |   0.0 |       0 |       8 |   0.0 |   597
           D:6 |       0 |     805 |   0.0 |       0 |      14 |   0.0 |   932
           D:7 |       0 |     981 |   0.0 |       0 |      16 |   0.0 |   953
           D:8 |       0 |    2214 |   0.0 |       0 |      22 |   0.0 |  1313
          D:11 |       0 |     198 |   0.0 |       0 |       1 |   0.0 |    26
         Sewer |       0 |     113 |   0.0 |       0 |       6 |   0.0 |   233
               +---------+---------+-------+---------+---------+-------+---------
